 Dungeon Crawl Stone Soup version 0.30.0-3-ga4e48a9924 (webtiles) character file.

Game seed: 5295678602583542518

63 jimonade the Slasher (level 4, 0/23 HPs)
             Began as a Vine Stalker Monk on May 7, 2023.
             Slain by a gnoll
             ... wielding a +0 halberd
              (9 damage)
             ... on level 2 of the Dungeon.
             The game lasted 00:02:06 (1306 turns).

jimonade the Slasher (Vine Stalker Monk)            Turns: 1306, Time: 00:02:07

Health: 0/23       AC: 11    Str: 14    XL:     4   Next: 10%
Magic:  0/5        EV:  7    Int: 10    God:
Gold:   102        SH:  0    Dex: 18    Spells: 3/3 levels left

rFire   . . .        a - +0 dagger (venom)
rCold   . . .        d - orb {light}
rNeg    . . .        r - +0 chain mail
rPois   .            e - +0 helmet
rElec   .            s - +0 cloak
rCorr   .            (no gloves)
SInv    .            k - +0 pair of boots
Will    .....        q - amulet of faith Stlth
                     (no ring)
HPRegen 1.03/turn    (no ring)
MPRegen 0.09/turn

%: guardian spirit, faith
@: glowing
A: fangs 2, regeneration 1, magic shield, antimagic bite, no potion heal 2
a: no special abilities


You were on level 2 of the Dungeon.
You visited 1 branch of the dungeon, and saw 2 of its levels.

You collected 102 gold pieces.

Inventory:

Hand Weapons
 a - a +0 dagger of venom (weapon)
 b - a +2 dagger of protection
 g - a +0 sling
 i - a +0 falchion
Missiles
 n - 2 poisoned darts (quivered)
Armour
 d - an orb of light (worn)
 e - a +0 helmet (worn)
 k - a +0 pair of boots (worn)
 r - a +0 chain mail (worn)
 s - a +0 cloak (worn)
 t - a +0 robe
Jewellery
 q - an amulet of faith (around neck)
Scrolls
 h - a scroll of magic mapping {unknown}
 j - a scroll of vulnerability {unknown}
 m - a scroll of torment {unknown}
 u - a scroll of blinking {unknown}
 v - a scroll of identify {unknown}
Potions
 c - a potion of ambrosia
 f - a potion of curing {unknown}
 l - 3 potions of magic {unknown}
 o - a potion of lignification {unknown}
 p - a potion of cancellation {unknown}


   Skills:
 + Level 2.9 Fighting
 + Level 0.3(2.2) Short Blades
 + Level 3.5 Long Blades
 + Level 0.6 Armour
 + Level 2.9 Dodging


You had 3 spell levels left.
You didn't know any spells.
Your spell library contained the following spells:

 Spells                   Type           Power      Damage    Failure   Level
 Tukima's Dance           Hex            0%         N/A       100%        3
 Passage of Golubria      Tloc           0%         N/A       100%        4
 Yara's Violent Unravell  Hex/Tmut       0%         3d3       100%        5


Dungeon Overview and Level Annotations

Branches:
Dungeon (2/15)

Altars:

Shops:
D:1 *


Innate Abilities, Weirdness & Mutations

You have extremely sharp teeth.
Your natural rate of healing is unusually fast.
When hurt, damage is shared between your health and your magic reserves.
Your bite disrupts and absorbs the magic of your enemies.
Potions cannot restore your health.


Message History

a +0 flail; a +0 flail; a gnoll corpse
Found a robe.
A gnoll comes into view. It is wielding a +0 halberd.
The gnoll shouts!
A rat comes into view.
The rat moves out of view.
A kobold comes into view. It is wielding a +0 club.
The kobold shouts!
A gnoll comes into view. It is wielding a +0 spear.
The gnoll shouts!
Things that are here:
a +0 flail; a +0 flail; a gnoll corpse The gnoll closely misses you.
The gnoll closely misses you.
The gnoll hits you from afar with a +0 spear.
Things that are here:
a +0 flail; a +0 flail; a gnoll corpse You hit the gnoll but do no damage.
You bite the gnoll. You drain its power.
The gnoll is lightly wounded.
The gnoll completely misses you. The gnoll barely misses you.
You hit the gnoll but do no damage.
The gnoll is poisoned.
Your bite misses the gnoll.
The gnoll is lightly wounded.
The gnoll barely misses you. x2
You barely miss the gnoll. Your bite misses the gnoll.
The gnoll is lightly wounded.
The gnoll hits you with a +0 halberd.
The gnoll hits you from afar with a +0 spear.
You hit the gnoll but do no damage.
The gnoll looks as sick as possible!
The gnoll is lightly wounded.
The gnoll hits you with a +0 halberd! The gnoll hits you but does no damage.
You hit the gnoll but do no damage.
The gnoll looks as sick as possible!
Your bite misses the gnoll.
The gnoll is lightly wounded.
You hit the gnoll. You bite the gnoll, but do no damage.
The gnoll is moderately wounded.
The gnoll hits you with a +0 halberd.
The gnoll hits you from afar with a +0 spear.
The gnoll attacks as you move away! The gnoll hits you with a +0 halberd!
You die...

.#........(...............#
.#........................#
.#........................#
†#...............#....#####
............†....#....#
................##....#
...#..................#
........#.##...#.##...#
.............###@######
..........######g#
.#.#....#..##..gK#
...#..#........r###
...........####...#
#...........#####g#
#..............†.K##
#..........g.K.....##
.............g...#..###


You could see 2 gnolls, a kobold and a rat.

Vanquished Creatures
  2 gnolls (D:2)
  2 adders (D:2)
  2 endoplasms
  2 giant cockroaches
  2 goblins (D:1)
  2 hobgoblins (D:1)
  2 kobolds (D:2)
  3 quokkas
  4 ball pythons
  5 frilled lizards
  A rat (D:1)
27 creatures vanquished.

Notes
Turn   | Place    | Note
-------+----------+-------------------------------------------
     0 | D:1      | jimonade the Vine Stalker Monk began the quest for the Orb.
     0 | D:1      | Reached XP level 1. HP: 11/11 MP: 2/2
   304 | D:1      | Reached XP level 2. HP: 16/16 MP: 1/3
   366 | D:1      | Found Coaschol's General Store.
   642 | D:1      | Reached skill level 3 in Long Blades
   995 | D:2      | Reached XP level 3. HP: 14/19 MP: 4/4
  1230 | D:2      | Gained mutation: Your natural rate of healing is unusually
                  | fast. [Vine Stalker growth]
  1230 | D:2      | Reached XP level 4. HP: 7/23 MP: 1/5
  1306 | D:2      | Slain by a gnoll

Illustrated notes

Levels and vault maps discovered:
D:1:      onia_arrival_mini_maze, layout_loops_cross, serial_shops,
          nicolae_square_shop
D:2:      layout_rooms, uniq_sigmund

Skill      XL: |  1  2 |
---------------+-------+-----
Long Blades    | 3 |  3.5
Fighting       | |  2.9
Short Blades   | |  0.3
Armour         | |  0.6
Dodging        | |  2.9

Action                     |  1- 3 |  4- 6 || total
---------------------------+-------+-------++-------
  Melee: Falchion          |    14 |       ||    14
         Dagger            |    53 |     6 ||    59
         Bite              |    23 |     2 ||    25
 Armour: Robe              |    10 |       ||    10
         Chain mail        |    12 |     1 ||    13
  Dodge: Dodged            |    29 |     6 ||    35
